 Dungeon Crawl Stone Soup version 0.29-a0-819-g94b489e0ae (webtiles) character file.

Game seed: 18077760505126413556

2823 zishaf the Covert (level 9, 0/50 HPs)
             Began as a Vine Stalker Brigand on July 6, 2022.
             Succumbed to a killer bee's poison
             ... on level 7 of the Dungeon.
             The game lasted 00:13:09 (6499 turns).

zishaf the Covert (Vine Stalker Brigand)            Turns: 6499, Time: 00:13:10

Health: 0/50       AC: 10    Str: 14    XL:     9   Next: 73%
Magic:  1/10       EV: 11    Int: 11    God:
Gold:   301        SH:  0    Dex: 20    Spells: 8/8 levels left

rFire   . . .      SeeInvis .   D - +6 rapier of Disgust {flame, rN+}
rCold   . . .      Faith    .   (no shield)
rNeg    + . .      Spirit   +   E - +3 leather armour
rPois   .          Reflect  .   (no helmet)
rElec   .          Harm     .   c - +0 cloak
rCorr   .          Rampage  .   A - +2 pair of gloves
Will    +....                   (no boots)
Stlth   ++++......              (no amulet)
HPRegen 0.96/turn               (no ring)
MPRegen 0.12/turn               (no ring)

@: lethally poisoned (0 -> -2)
A: fangs 3, regeneration 1, magic shield, antimagic bite, no potion heal 2
a: no special abilities


You were on level 7 of the Dungeon.
You visited 2 branches of the dungeon, and saw 8 of its levels.
You also visited: Sewer.

You collected 301 gold pieces.

Inventory:

Hand Weapons
 a - a +2 dagger
 D - the +6 rapier of Disgust (weapon) {flame, rN+}
   (You acquired it on level 7 of the Dungeon)

   It burns those it strikes, dealing additional fire damage.
   rN:        It protects you from negative energy.
Missiles
 d - 33 poisoned darts
 e - 4 curare-tipped darts (quivered)
 j - 5 atropa-tipped darts
 x - 2 boomerangs
Armour
 b - a +0 robe
 c - a +0 cloak (worn)
 p - a +0 leather armour
 A - a +2 pair of gloves (worn)
 E - a +3 leather armour (worn)
Jewellery
 q - a ring of ice
Wands
 y - a wand of mindburst (23)
Scrolls
 g - 2 scrolls of amnesia
 m - 3 scrolls of enchant armour
 n - a scroll of magic mapping
 u - a scroll of fog
 w - a scroll of silence
Potions
 f - a potion of magic
 h - 2 potions of might
 k - a potion of invisibility {unknown}
 l - 2 potions of lignification
 o - a potion of haste
 r - a potion of flight
 s - a potion of berserk rage
 t - a potion of attraction
 v - a potion of resistance {unknown}
 B - a potion of mutation {unknown}
 C - a potion of brilliance {unknown}


   Skills:
 + Level 7.4 Fighting
 - Level 5.0(6.0) Short Blades
 + Level 5.0(6.0) Long Blades
 - Level 2.0 Throwing
 - Level 1.0 Dodging
 - Level 8.0 Stealth
 + Level 4.3 Evocations


You had 8 spell levels left.
You didn't know any spells.
Your spell library contained the following spells:

 Spells                   Type           Power      Damage    Failure   Level
 Poisonous Vapours        Pois/Air       0%         N/A       56%         2
 Dazzling Flash           Conj/Hex       0%         N/A       80%         3
 Frozen Ramparts          Ice            0%         1d2       80%         3
 Gell's Gravitas          Tloc           0%         N/A       80%         3
 Lesser Beckoning         Tloc           0%         N/A       80%         3
 Summon Guardian Golem    Hex/Summ       0%         N/A       80%         3
 Teleport Other           Tloc           0%         N/A       80%         3
 Corpse Rot               Necr/Pois/Air  0%         N/A       99%         4
 Dispel Undead            Necr           0%         3d6       99%         4
 Ice Form                 Ice/Tmut       0%         N/A       99%         4
 Summon Ice Beast         Ice/Summ       0%         N/A       99%         4
 Agony                    Necr           0%         N/A       100%        5
 Silence                  Hex/Air        0%         N/A       100%        5
 Death Channel            Necr           0%         N/A       100%        6
 Orb of Destruction       Conj           0%         9d5       100%        7
 Spellforged Servitor     Conj/Summ      0%         N/A       100%        7


Dungeon Overview and Level Annotations

Branches:
Dungeon (7/15)             Temple (1/1) D:4           Sewer (visited)

Altars:
Ashenzari
Cheibriados
Dithmenos
Elyvilon
Fedhas
Kikubaaqudgha
Makhleb
Nemelex Xobeh
Okawaru
Qazlal
Ru
Trog
Xom
Yredelemnul
The Shining One

Shops:
D:7 *[

Annotations:
D:3 2 transporters


Innate Abilities, Weirdness & Mutations

You have razor-sharp teeth.
Your natural rate of healing is unusually fast.
When hurt, damage is shared between your health and your magic reserves.
Your bite disrupts and absorbs the magic of your enemies.
Potions cannot restore your health.


Message History

Your base Long Blades skill increases to level 5!
You puncture the killer bee! You burn the killer bee.
The killer bee is severely wounded.
You feel sick. The killer bee barely misses you. The killer bee stings you.
* * * LOW HITPOINT WARNING * * *
You are more poisoned.
The killer bee poisons you!
You miss the killer bee. Your bite misses the killer bee.
The killer bee is severely wounded.
You feel very sick. The killer bee closely misses you.
The killer bee stings you.
* * * LOW HITPOINT WARNING * * *
You are more poisoned.
The killer bee poisons you!
Okay, then.
Your system rejects the healing.
You feel better. The killer bee closely misses you.
The killer bee stings you but does no damage.
You miss the killer bee.
The killer bee is severely wounded.
The killer bee stings you.
* * * LOW HITPOINT WARNING * * *
You are lethally poisoned!
The killer bee poisons you!
The killer bee stings you but does no damage.
You miss the killer bee.
The killer bee is severely wounded.
* * * LOW HITPOINT WARNING * * *
You feel very sick. The killer bee stings you.
Okay, then.
You hit the killer bee. You burn the killer bee.
Your bite misses the killer bee.
The killer bee is almost dead.
* * * LOW HITPOINT WARNING * * *
You feel sick.
The killer bee stings you but does no damage. x2
You barely miss the killer bee. You bite the killer bee.
You kill the killer bee!
You die...

#.# #..
#.############.#
#.##........##.#
#.##.##..##.##.#
#####....#...##.##..
#......########.####
#.####.....# #.#
#.########.# #.####
#†.@†...... #.)...
########### ######


There were no monsters in sight!

Vanquished Creatures
  A troll (D:7)
  Grinder (D:3)
  Sigmund (D:6)
  A water moccasin (D:7)
  An ice beast (D:7)
  A sky beast (D:6)
  A black bear (D:7)
  A centaur (D:6)
  3 phantoms
  3 scorpions (D:5)
  A bullfrog (D:7)
  A necrophage (D:5)
  4 wights (D:7)
  6 killer bees (D:7)
  2 electric eels (D:6)
  4 hounds
  2 jellies
  3 gnoll boudas (D:6)
  3 orc wizards
  3 iguanas
  A hound zombie (D:4)
  11 gnolls
  A river rat (Sewer)
  11 adders
  A shadow imp (D:7)
  A white imp (D:6)
  6 worms
  3 dart slugs
  11 orcs
  11 ball pythons
  8 endoplasms
  3 giant cockroaches
  13 goblins
  4 hobgoblins
  2 jackals (D:2)
  3 quokkas
  2 bats
  2 frilled lizards
  12 kobolds
  A quokka zombie (D:4)
  12 rats
162 creatures vanquished.

Notes
Turn   | Place    | Note
-------+----------+-------------------------------------------
     0 | D:1      | zishaf the Vine Stalker Brigand began the quest for the
                  | Orb.
     0 | D:1      | Reached XP level 1. HP: 11/11 MP: 2/2
    70 | D:1      | Reached skill level 1 in Dodging
    70 | D:1      | Reached XP level 2. HP: 4/15 MP: 3/3
   196 | D:1      | Reached skill level 5 in Stealth
   779 | D:1      | Reached XP level 3. HP: 12/18 MP: 4/4
  1358 | D:2      | Gained mutation: Your natural rate of healing is unusually
                  | fast. [Vine Stalker growth]
  1358 | D:2      | Reached XP level 4. HP: 9/23 MP: 3/5
  1798 | D:3      | Noticed Grinder
  1806 | D:3      | Paralysed by Grinder for 4 turns
  1815 | D:3      | Killed Grinder
  1816 | D:3      | Reached skill level 6 in Stealth
  1816 | D:3      | Reached XP level 5. HP: 6/29 MP: 2/6
  1816 | D:3      | Reached XP level 6. HP: 7/33 MP: 2/7
  1863 | D:3      | Found a transporter.
  1893 | D:3      | Found a stormy altar of Qazlal.
  2048 | D:3      | Found a transporter.
  2462 | D:4      | Found an iron altar of Okawaru.
  2498 | D:4      | Reached XP level 7. HP: 34/38 MP: 6/8
  2678 | D:4      | Found a staircase to the Ecumenical Temple.
  2689 | Temple   | Entered the Ecumenical Temple
  3040 | D:4      | Found a snail-covered altar of Cheibriados.
  3526 | D:4      | Found a basalt altar of Yredelemnul.
  3616 | D:5      | Entered Level 5 of the Dungeon
  3694 | D:5      | Reached skill level 5 in Fighting
  3732 | D:5      | Found a glowing drain.
  3745 | Sewer    | Entered a sewer
  3773 | Sewer    | Reached skill level 5 in Short Blades
  4215 | D:5      | Reached skill level 1 in Long Blades
  4337 | D:5      | Gained mutation: You have razor-sharp teeth. [Vine Stalker
                  | growth]
  4337 | D:5      | Reached XP level 8. HP: 44/44 MP: 9/9
  4638 | D:5      | Reached skill level 1 in Evocations
  4825 | D:6      | Noticed Sigmund
  5099 | D:6      | Killed Sigmund
  5159 | D:6      | Found a broken altar of Ashenzari.
  5560 | D:6      | Reached skill level 7 in Stealth
  5654 | D:6      | Reached XP level 9. HP: 47/49 MP: 10/10
  5995 | D:7      | Found Fuf Ruc's Antique Armour Shop.
  5996 | D:7      | Identified a scroll of acquirement
  5996 | D:7      | Acquired the +6 rapier of Disgust {flame, rN+}
  6150 | D:7      | HP: 1/42 [wight/+4 halberd (4)]
  6265 | D:7      | Found Hemenk's Assorted Antiques.
  6283 | D:7      | Noticed a troll
  6294 | D:7      | Killed a troll
  6295 | D:7      | Reached skill level 8 in Stealth
  6493 | D:7      | Reached skill level 5 in Long Blades
  6497 | D:7      | HP: 1/50 [poisoned by a killer bee]
  6499 | D:7      | Succumbed to a killer bee's poison

Illustrated notes

Levels and vault maps discovered:
D:1:      onia_arrival_handbag, layout_basic, minmay_small_reverse_x
D:2:      layout_basic, st_stairs_8
D:3:      gammafunk_wand_slinger, layout_loops_ring, grunt_qazlal_sundering,
          uniq_grinder
D:4:      layout_basic, mainiacjoe_overflow_paths, okawaru_gym_becter,
          lemuel_zombie_altar_yredelemnul, minmay_temple_entry_statues_fountains
D:5:      layout_gridville, portal_sewer_entry_b, minmay_misc_feat_x
D:6:      layout_cave_pods, mainiacjoe_overflow_boulevard, nicolae_water_bricks,
          uniq_sigmund
D:7:      layout_basic, nicolae_vehumet_radiance, serial_shops,
          nicolae_shop_window_shopping, shop, nicolae_square_shop,
          nicolae_shop_window_shopping, nicolae_take_the_stairs
Temple:   jpeg_temple_alley_garden

Skill      XL: |  1  2  3  4  5  6  7  8  9 |
---------------+----------------------------+-----
Dodging        | 1 |  1.0
Fighting       | 2 4 5 6 7 |  7.4
Short Blades   | 2 3 4 5 |  5.0
Stealth        | 5 6 7 8 |  8.0
Throwing       | 2 |  2.0
Long Blades    | 1 3 5 |  5.0
Evocations     | 2 4 |  4.3

Action                   |  1- 3 |  4- 6 |  7- 9 || total
-------------------------+-------+-------+-------++-------
Melee: Dagger            |    86 |   111 |   384 ||   581
       Bite              |    16 |    37 |   139 ||   192
       Punch             |       |     1 |     4 ||     5
       Rapier            |       |       |    83 ||    83
Throw: Dart              |       |     4 |     1 ||     5
  Use: Scroll            |       |       |    20 ||    20
       Potion            |       |       |     2 ||     2
 Stab: Sleeping          |    12 |     5 |    12 ||    29
       Invisible         |       |     1 |       ||     1
Armor: Robe              |    18 |     1 |       ||    19
       Leather armour    |       |    23 |   135 ||   158
Dodge: Dodged            |    44 |    43 |   212 ||   299

Table legend: (Time is in decaauts)
 A = Elapsed time spent in this place.
 B = Non-inter-level travel time spent in this place.
 C = Inter-level travel time spent in this place.
 D = Time resting spent in this place.
 E = Time spent auto-exploring this place.
 F = Levels seen in this place.
 G = Mean time per level.
                   A        B        C        D        E       F      G
               +--------+--------+--------+--------+--------+-----+--------+
         Total |   6441 |   6101 |    340 |    105 |   4413 |   9 |  715.7 |
       Dungeon |   5801 |   5514 |    287 |    105 |   4041 |   7 |  828.7 |
        Temple |    241 |    188 |     53 |      0 |    184 |   1 |  241.0 |
         Sewer |    398 |    398 |      0 |      0 |    188 |   1 |  398.0 |
               +--------+--------+--------+--------+--------+-----+--------+

Top non-repeatable levels by time:
     D:1: 1214 daAuts
     D:6: 1170 daAuts
     D:4: 934 daAuts
     D:5: 918 daAuts
     D:3: 618 daAuts
     D:2: 570 daAuts
   Sewer: 398 daAuts
     D:7: 374 daAuts
  Temple: 241 daAuts
